 Dungeon Crawl Stone Soup version 0.31-a0-1499-ge0622b2318 (webtiles) character file.

Game seed: 17213065649325605126

108872 dialectric the Basher (level 16, 0/165 HPs)
             Began as a Troll Shapeshifter on Dec 30, 2023.
             Was a High Priest of Jiyva.
             Slain by a white ugly thing (5 damage)
             ... on level 14 of the Dungeon.
             The game lasted 00:42:41 (21969 turns).

dialectric the Basher (Troll Shapeshifter)         Turns: 21969, Time: 00:42:41

Health: 0/165      AC:  6    Str: 33    XL:     16   Next: 3%
Magic:  15/15      EV: 16    Int:  6    God:    Jiyva [*****.]
Gold:   3062       SH:  0    Dex: 20    Spells: 15/15 levels left

rFire   . . .        u - +10 whip "Boroth" {elec, rN+ Str+3}
rCold   . . .        (no shield)
rNeg    + . .        T - melded +0 ice dragon scales
rPois   .            N - +2 hat
rElec   +            M - +1 cloak of Courage {rElec Dex+3 SInv}
rCorr   +            (gloves unavailable)
SInv    +            (boots unavailable)
Will    +....        f - amulet of the acrobat
Stlth   ++           e - +4 ring of slaying
HPRegen 2.71/turn    L - +6 ring of dexterity
MPRegen 0.86/turn

%: acrobat, clarity
@: maw-form
A: devouring maw, large, unfitting armour, claws 3, regeneration 1, shaggy fur
1, tough skin 1, hooves 3, clarity, pseudopods 3
a: Begin Untransformation, Renounce Religion, Oozemancy, Slimify


You were on level 14 of the Dungeon.
You worshipped Jiyva.
Jiyva was extremely pleased with you.
You were a creature with a mouth for a stomach.
You visited 6 branches of the dungeon, and saw 25 of its levels.
You also visited: Ossuary, Ice Cave and Volcano.

You collected 3413 gold pieces.
You spent 351 gold pieces at shops.

Inventory:

Hand Weapons
 m - a +2 dire flail of venom
 u - the +10 whip "Boroth" (weapon) {elec, rN+ Str+3}
   (You found it on level 3 of the Dungeon)

   Str+3:     It affects your strength (+3).
   rN+:       It protects you from negative energy.
 F - a +3 dire flail of chaos
Missiles
 t - 5 throwing nets
 z - 10 boomerangs (quivered)
Armour
 M - the +1 cloak of Courage (worn) {rElec Dex+3 SInv}
   (You found it on level 7 of the Dungeon)

   Dex+3:     It affects your dexterity (+3).
   rElec:     It insulates you from electricity.
   SInv:      It lets you see invisible.
 N - a +2 hat (worn)
 S - a +2 cloak of stealth
 T - +0 ice dragon scales (melded)
 U - a +0 kite shield
Jewellery
 a - a +6 ring of strength
 e - a +4 ring of slaying (left claw)
 f - an amulet of the acrobat (around neck)
 g - a ring of see invisible
 i - a +6 ring of intelligence
 r - an amulet of magic regeneration
 K - an amulet of guardian spirit
 L - a +6 ring of dexterity (right claw)
Talismans
 p - a serpent talisman
 P - a maw talisman (active)
 Y - a dragon-blood talisman
Wands
 G - a wand of flame (21)
 H - a wand of charming (24)
 I - a wand of digging (4)
 R - a wand of roots (16)
 V - a wand of light (12)
Scrolls
 c - a scroll of revelation
 h - 3 scrolls of fear
 o - 7 scrolls of enchant weapon
 v - 6 scrolls of immolation
 x - 7 scrolls of poison
 y - 5 scrolls of enchant armour
 A - 6 scrolls of teleportation
Potions
 b - 5 potions of lignification
 k - 3 potions of enlightenment
 q - 4 potions of invisibility
 s - a potion of brilliance
 w - a potion of resistance
 C - a potion of might
 J - a potion of mutation
 O - 4 potions of curing
 W - a potion of ambrosia
 X - 4 potions of haste
Miscellaneous
 j - a phial of floods
 B - a sack of spiders


   Skills:
 + Level 12.0 Fighting
 + Level 13.6 Maces & Flails
 + Level 8.4 Armour
 + Level 10.4 Dodging
 + Level 4.8 Shields
 - Level 3.1 Unarmed Combat
 + Level 13.0 Shapeshifting


You had 15 spell levels left.
You didn't know any spells.
Your spell library contained the following spells:

 Spells                   Type           Power      Damage    Failure   Level
 Kiss of Death            Conj/Necr      0%         2d5       45%         1
 Necrotise                Necr           0%         1d4       45%         1
 Ensorcelled Hibernation  Hex/Ice        0%         N/A       58%         2
 Confusing Touch          Hex            0%         N/A       83%         3
 Dazzling Flash           Conj/Hex       0%         N/A       83%         3
 Fugue of the Fallen      Necr           0%         N/A       83%         3
 Inner Flame              Hex/Fire       0%         N/A       83%         3
 Mephitic Cloud           Conj/Alch/Air  0%         N/A       83%         3
 Ozocubu's Armour         Ice            0%         N/A       83%         3
 Passwall                 Erth           0%         N/A       83%         3
 Swiftness                Air            0%         N/A       83%         3
 Anguish                  Hex/Necr       0%         N/A       99%         4
 Cause Fear               Hex            0%         N/A       99%         4
 Dispel Undead            Necr           0%         3d6       99%         4
 Flame Wave               Conj/Fire      0%         2d4       99%         4
 Leda's Liquefaction      Alch/Erth      0%         N/A       99%         4
 Manifold Assault         Tloc           0%         N/A       99%         4
 Sticky Flame             Fire/Alch      0%         2d4       99%         4
 Vhi's Electric Charge    Tloc/Air       0%         N/A       99%         4
 Arcjolt                  Conj/Air       0%         1d10      100%        5
 Curse of Agony           Necr           0%         N/A       100%        5
 Silence                  Hex/Air        0%         N/A       100%        5
 Death Channel            Necr           0%         N/A       100%        6
 Plasma Beam              Fire/Air       0%         2x1d10    100%        6
 Sculpt Simulacrum        Ice/Alch       0%         N/A       100%        6
 Enfeeble                 Hex            0%         N/A       100%        7
 Ozocubu's Refrigeration  Ice            0%         4d7       100%        7
 Polar Vortex             Ice            0%         N/A       100%        9
 Shatter                  Erth           0%         3d5*      100%        9


Dungeon Overview and Level Annotations

Branches:
Dungeon (14/15)            Temple (0/1) D:5            Lair (5/5) D:11
  Swamp (1/4) Lair:3        Snake (2/4) Lair:2        Slime (0/5) Lair:5
    Orc (2/2) D:9             Elf (1/3) Orc:2       Ossuary (visited)
  IceCv (visited)         Volcano (visited)
 Vaults: D:13-14

Altars:
Ashenzari
Cheibriados
Okawaru
Qazlal
Trog
Wu Jian
Xom
Yredelemnul
Zin
The Shining One
Jiyva

Shops:
D:3 *   D:6 *   D:8 [   D:11 [   Orc:2 [*[[   Snake:1 ?

Annotations:
D:3 3 runed translucent doors, gummybears's ghost, weakling AtBe; zerowinglad's ghost, amateur MiFi


Innate Abilities, Weirdness & Mutations

You are a creature with a mouth for a stomach.
Your midsection houses a second, enormous mouth.
You are too large for most types of armour.
You have claws for hands.
Your natural rate of healing is unusually fast.
You are covered in fur. (AC +1)
You have tough skin. (AC +1)
You have hooves in place of feet.
You possess an exceptional clarity of mind.
Armour fits poorly on your massive pseudopods.


Message History

The deep elf knight seems to speed up.
You whack the centaur warrior! You bludgeon the centaur warrior!
You bite the centaur warrior.
The centaur warrior is heavily wounded.
The white ugly thing trunk-slaps you! The white ugly thing freezes you!!
The centaur warrior hits you but does no damage.
The centaur warrior kicks you but does no damage.
Unknown command.
You hit the centaur warrior.
You kick the centaur warrior, but do no damage.
You bludgeon the centaur warrior. You bite the centaur warrior!
You kill the centaur warrior!
The gargoyle hurls a stone arrow at you.
The stone arrow misses you.
A vault guard comes into view. It is wielding a +0 long sword.
Your Fighting skill increases to level 12!
Found a centaur corpse.
The white ugly thing attacks as it pursues you!
The white ugly thing barely misses you.
The vault guard hits you with a +0 long sword!!
* * * LOW HITPOINT WARNING * * *
Items here: ( )) †.
You whack the vault guard! The vault guard blocks your attack.
You bludgeon the vault guard.
The vault guard is moderately wounded.
The white ugly thing trunk-slaps you.
* * * LOW HITPOINT WARNING * * *
The white ugly thing freezes you!!
* * * LOW HITPOINT WARNING * * *
The vault guard blocks your attack. x2
The vault guard is moderately wounded.
The gargoyle closely misses you.
The vault guard hits you with a +0 long sword!
* * * LOW HITPOINT WARNING * * *
Unknown command.
You whack the vault guard! You kick the vault guard!
Your bludgeon misses the vault guard. The vault guard blocks your attack.
The vault guard is heavily wounded.
The white ugly thing trunk-slaps you.
You die...

#.#....#.#)
############.#.####..#
##.#.#.#.#.#.##.# #.##
#.#.#.#.#.#.###.# #.#
#†#.#.#.#.#.##.# #<#
#.#.#.#.#.###.####.#
#.#.#e#†#e#...[...#
#.#u#.#.##########
#W#.#.#.# #p#9#.#.##
#########


You could see a vault guard, a white ugly thing, a deep elf knight (fast) and a
gargoyle.

Vanquished Creatures
  A sphinx (D:14)
  2 frost giants
  An eleionoma (Lair:3)
  The ghost of Ofeo the Fighter, a novice OnSh of Nemelex Xobeh (D:9)
  2 hydras
  Erolcha (D:10)
  Harold (D:9)
  The ghost of Qunnilesm the Basher, a journeyman DgDe (Lair:1)
  5 centaur warriors
  An ogre mage (D:14)
  3 anacondas
  2 boulder beetles
  A naga warrior (Snake:2)
  5 two-headed ogres
  Erica (Lair:2)
  5 orc high priests
  3 tengu warriors
  12 death yaks
  4 naga sharpshooters
  Sonja (Lair:5)
  A shock serpent (Snake:2)
  Lodul (D:10)
  2 sea snakes (Snake:1)
  6 skeletal warriors
  5 deep elf pyromancers
  2 orc knights (Orc:2)
  9 ugly things
  A mana viper (Snake:1)
  Maurice (D:9)
  3 orc sorcerers
  8 cyclopes
  3 manticores
  2 salamanders
  A naga mage (Snake:2)
  An ice statue (IceCv)
  5 elephants (Lair:3)
  2 molten gargoyles (Volcano)
  Joseph (Lair:1)
  9 black mambas
  13 cane toads
  2 kobold demonologists
  A gargoyle (D:11)
  An unseen horror (D:12)
  A yaktaur (shapeshifter) (D:14)
  Jeremiah (D:7)
  13 komodo dragons
  2 rime drakes
  3 efreet
  17 polar bears
  A tyrant leech (Lair:3)
  9 trolls
  8 hornets
  10 blink frogs
  Prince Ribbit (D:7)
  2 dream sheep (Lair:5)
  Sigmund (D:4)
  A centaur simulacrum (D:14)
  18 spriggans
  4 shadows
  A vampire (D:13)
  3 water elementals
  7 wyverns
  68 yaks
  4 wraiths
  3 vampire mosquitoes (D:12)
  A fire bat (shapeshifter) (D:11)
  A steam dragon (D:8)
  A warg (Orc:2)
  3 basilisks
  Grum (D:9)
  Edmund (D:5)
  6 nagas
  A swamp worm (Swamp:1)
  2 acid dragons
  17 water moccasins
  2 hell hounds (Lair:5)
  3 ice beasts
  15 orc warriors
  3 sky beasts
  12 ogres
  8 black bears
  36 wolves
  2 boggarts (Lair:5)
  11 centaurs
  A phantom (D:6)
  2 kobold brigands (D:7)
  10 bullfrogs
  2 elf zombies (Ossuary)
  3 scorpions
  An earth elemental (Volcano)
  A gnoll sergeant (D:11)
  3 wights (D:9)
  A burial acolyte (Ossuary)
  4 killer bees (D:7)
  5 electric eels
  4 howler monkeys
  4 hounds
  A human zombie (Ossuary)
  2 centaur zombies (Ossuary)
  A spectral scorpion (Ossuary)
  31 orc priests
  7 jellies
  2 iguanas
  29 orc wizards
  3 sleepcaps
  2 mummies (Ossuary)
  A hound zombie (Ossuary)
  7 adders
  17 gnolls
  2 ribbon worms
  2 shadow imps
  2 white imps
  2 ufetubi (D:5)
  8 adder zombies (Ossuary)
  3 dart slugs
  31 orcs
  4 ball pythons
  3 endoplasms
  A giant cockroach (D:1)
  A gnoll zombie (Ossuary)
  7 hobgoblins
  2 jackals (D:2)
  2 quokkas
  5 ball python zombies (Ossuary)
  3 bats
  2 frilled lizards
  13 goblins
  2 jackal zombies (Ossuary)
  16 kobolds
  3 kobold zombies (Ossuary)
  2 orc zombies (Ossuary)
  7 rats
  3 spectral weapons (Lair:1)
707 creatures vanquished.

Vanquished Creatures (others)
  A centaur warrior (D:14)
  A deep elf pyromancer (D:13)
  2 slime creatures (D:14)
  A centaur simulacrum (D:11)
  A basilisk (D:13)
  A wraith (D:11)
  An acid dragon (D:11)
  A centaur (D:11)
  A hornet simulacrum (D:14)
  21 jellies
  2 orc priests (Orc:2)
  4 gnolls (D:13)
  An orc (Orc:2)
  6 foxfires (Swamp:1)
44 creatures vanquished.

Grand Total: 751 creatures vanquished

Notes
Turn   | Place    | Note
-------+----------+-------------------------------------------
     0 | D:1      | dialectric the Troll Shapeshifter began the quest for the
                  | Orb.
     0 | D:1      | Reached XP level 1. HP: 18/18 MP: 0/0
    97 | D:1      | Reached skill level 1 in Fighting
   198 | D:1      | Reached XP level 2. HP: 27/27 MP: 1/1
   366 | D:2      | Reached XP level 3. HP: 29/33 MP: 2/2
   446 | D:2      | Found a faded altar of an unknown god.
  1019 | D:3      | Identified the +10 whip "Boroth" {elec, rN+ Str+3}
  1125 | D:3      | Reached XP level 4. HP: 41/41 MP: 3/3
  1175 | D:3      | Found a runed translucent gate.
  1175 | D:3      | Found a runed translucent gate.
  1175 | D:3      | Found a runed translucent gate.
  1176 | D:3      | Noticed gummybears's ghost (weakling AtBe)
  1177 | D:3      | Noticed zerowinglad's ghost (amateur MiFi)
  1391 | D:3      | Found Ruipt's General Store.
  1977 | D:4      | Noticed an ogre
  1983 | D:4      | Killed an ogre
  1984 | D:4      | Reached skill level 1 in Maces & Flails
  1984 | D:4      | Reached XP level 5. HP: 37/49 MP: 4/4
  2118 | D:4      | Noticed an ogre
  2126 | D:4      | Killed an ogre
  2127 | D:4      | Reached XP level 6. HP: 42/59 MP: 5/5
  2145 | D:4      | Found a snail-covered altar of Cheibriados.
  2152 | D:4      | Noticed Sigmund
  2160 | D:4      | Killed Sigmund
  2202 | D:4      | Reached XP level 7. HP: 66/66 MP: 6/6
  2225 | D:4      | Identified the +3 sling of Extinguishment {drain, +Blink
                  | rElec rN+++ Will-}
  2336 | D:4      | Found a bloodstained altar of Trog.
  2772 | D:5      | Entered Level 5 of the Dungeon
  2809 | D:5      | Noticed Edmund
  2818 | D:5      | Killed Edmund
  2827 | D:5      | Reached skill level 5 in Shapeshifting
  2847 | D:5      | Found a staircase to the Ecumenical Temple.
  2868 | D:5      | Reached XP level 8. HP: 78/78 MP: 7/7
  3080 | D:5      | Found a sand-covered staircase.
  3087 | Ossuary  | Entered an ossuary
  3286 | Ossuary  | Reached skill level 5 in Dodging
  3757 | D:6      | Reached skill level 5 in Fighting
  3760 | D:6      | Reached XP level 9. HP: 25/88 MP: 8/8
  3935 | D:6      | Found Xevemn's Assorted Antiques.
  3943 | D:6      | Reached skill level 5 in Maces & Flails
  4170 | D:7      | Noticed Prince Ribbit
  4170 | D:7      | Noticed Jeremiah
  4342 | D:7      | Killed Prince Ribbit
  4469 | D:7      | Killed Jeremiah
  4637 | D:7      | Found an iron altar of Okawaru.
  4640 | D:7      | Found a glowing golden altar of the Shining One.
  4643 | D:7      | Found a basalt altar of Yredelemnul.
  5007 | D:7      | Identified the +1 cloak of Courage {rElec Dex+3 SInv}
  5306 | D:8      | Found Wolos's Antique Armour Boutique.
  5318 | D:8      | Bought an embroidered hat for 189 gold pieces
  5653 | D:8      | Noticed a two-headed ogre
  5656 | D:8      | Reached XP level 10. HP: 87/102 MP: 9/9
  5662 | D:8      | Killed a two-headed ogre
  6194 | D:9      | Noticed Harold
  6203 | D:9      | Killed Harold
  6242 | D:9      | Found a staircase to the Orcish Mines.
  6323 | D:9      | Noticed Grum
  6334 | D:9      | Killed Grum
  6425 | D:9      | Found a broken altar of Ashenzari.
  6451 | D:9      | Identified the +5 ring mail of Anaesthesia {Harm rPois}
  6535 | D:9      | Found a runed translucent door.
  6535 | D:9      | Noticed Ofeo's ghost (novice OnSh)
  6691 | D:9      | Noticed a two-headed ogre
  6700 | D:9      | Killed a two-headed ogre
  6951 | D:9      | Noticed Maurice
  6956 | D:9      | Maurice stole 459 gold
  6960 | D:9      | Killed Maurice
  7009 | D:9      | Found a glowing silver altar of Zin.
  7012 | D:9      | Found an ornate altar of the Wu Jian Council.
  7192 | D:10     | Entered Level 10 of the Dungeon
  7216 | D:10     | Noticed a two-headed ogre
  7225 | D:10     | Killed a two-headed ogre
  7406 | D:10     | Reached XP level 11. HP: 108/113 MP: 10/10
  7629 | D:10     | Reached skill level 1 in Armour
  7636 | D:10     | Noticed Lodul
  7639 | D:10     | Killed Lodul
  7909 | D:10     | Found a stormy altar of Qazlal.
  8692 | D:11     | Found a staircase to the Lair.
  8779 | D:11     | Noticed a boulder beetle
  8792 | D:11     | Killed a boulder beetle
  8858 | D:11     | Identified the staff of the Hierophant {rPois rC+ Str+4
                  | Ice}
  8858 | D:11     | Noticed a deep elf pyromancer
  8866 | D:11     | Killed a deep elf pyromancer
  8871 | D:11     | Noticed a cyan ugly thing
  8875 | D:11     | Noticed a green ugly thing
  8876 | D:11     | Killed a cyan ugly thing
  8877 | D:11     | Noticed a green ugly thing
  8886 | D:11     | Killed a cyan ugly thing
  8942 | D:10     | Killed a green ugly thing
  9013 | Lair:1   | Entered Level 1 of the Lair of Beasts
  9222 | Lair:1   | Noticed Joseph
  9232 | Lair:1   | Killed Joseph
  9233 | Lair:1   | Reached XP level 12. HP: 104/123 MP: 11/11
  9608 | Lair:1   | Found a runed translucent door.
  9608 | Lair:1   | Identified the +2 spear of Bisotir {spect, rN+}
  9621 | Lair:1   | Noticed Qunnilesm's ghost (journeyman DgDe)
  9811 | Lair:1   | Reached skill level 5 in Armour
  9972 | Lair:1   | Reached skill level 10 in Shapeshifting
 10335 | Lair:2   | Noticed an eight-headed hydra
 10351 | Lair:2   | Noticed Erica
 10465 | Orc:1    | Entered Level 1 of the Orcish Mines
 10642 | Orc:2    | Entered Level 2 of the Orcish Mines
 10726 | Orc:2    | Noticed an orc high priest
 10729 | Orc:2    | Noticed an orc high priest
 10908 | Orc:1    | Killed an orc high priest
 11122 | D:9      | Killed Ofeo's ghost
 11123 | D:9      | Reached skill level 10 in Fighting
 11374 | Lair:2   | Found a staircase to the Snake Pit.
 11653 | Lair:2   | Killed an eight-headed hydra
 11654 | Lair:2   | Reached skill level 10 in Maces & Flails
 11707 | Lair:2   | Killed Erica
 11708 | Lair:2   | Reached XP level 13. HP: 122/135 MP: 12/12
 12136 | Lair:3   | Found a staircase to the Swamp.
 12136 | Lair:3   | Noticed an eleionoma
 12155 | Lair:3   | Killed an eleionoma
 12817 | Lair:4   | Identified the +7 dagger of Demonkind {drain, Int+7}
 13752 | Lair:5   | Entered Level 5 of the Lair of Beasts
 13755 | Lair:5   | Identified the +0 robe of Skepticism {-Cast Rampage Will+
                  | rCorr}
 13825 | Lair:5   | Found a frozen archway.
 13834 | IceCv    | Entered an ice cave
 14305 | IceCv    | Noticed a frost giant
 14326 | IceCv    | Killed a frost giant
 14327 | IceCv    | Reached XP level 14. HP: 67/146 MP: 13/13
 14468 | Lair:5   | Found a dark tunnel.
 14479 | Volcano  | Entered a volcano
 14691 | Lair:5   | Noticed Sonja
 14719 | Lair:5   | Killed Sonja
 15020 | Lair:5   | Found a viscous altar of Jiyva.
 15086 | Lair:5   | Found a staircase to the Slime Pits.
 15380 | Lair:5   | Paralysed by a hornet for 2 turns
 15585 | Lair:5   | Became a worshipper of Jiyva Jamyng the Shapeless
 15890 | D:11     | Noticed Erolcha
 15899 | D:11     | Noticed a frost giant
 16105 | D:11     | Killed a frost giant
 16209 | D:10     | Killed Erolcha
 16225 | D:11     | Reached skill level 1 in Shields
 16441 | D:11     | Found Dureluac's Armour Shoppe.
 17047 | D:12     | Reached XP level 15. HP: 152/154 MP: 14/14
 17083 | D:12     | Reached * piety under Jiyva
 17445 | D:12     | Reached ** piety under Jiyva
 17448 | D:12     | Got Sif Muna's Elucidation of Dusty Abhorrent Acts
 18135 | D:13     | Reached *** piety under Jiyva
 18147 | D:13     | Gained mutation: You have large cloven feet. [Jiyva's
                  | grace]
 18147 | D:13     | Gained mutation: You have hoof-like feet. [Jiyva's grace]
 18147 | D:13     | Gained mutation: You have hooves in place of feet. [Jiyva's
                  | grace]
 18147 | D:13     | Gained mutation: Your melee attacks may engulf your foes in
                  | ooze. [Jiyva's grace]
 18329 | D:13     | Found a shimmering altar of Xom.
 18992 | Orc:2    | Found Lischyra's Assorted Antiques.
 18992 | Orc:2    | Found Quixzeg's Armour Boutique.
 18992 | Orc:2    | Found Sukas's Antique Armour Boutique.
 19006 | Orc:2    | Found Verudul's Antique Armour Shop.
 19109 | Orc:2    | Reached **** piety under Jiyva
 19322 | Orc:2    | Found a staircase to the Elven Halls.
 19665 | Elf:1    | Entered Level 1 of the Elven Halls
 19682 | Orc:2    | HP: 5/154 [burnt (13)]
 19966 | Lair:1   | Killed Qunnilesm's ghost
 19972 | Lair:1   | Reached skill level 10 in Dodging
 20100 | Snake:1  | Entered Level 1 of the Snake Pit
 20223 | Snake:1  | Reached ***** piety under Jiyva
 20312 | Snake:1  | Lost mutation: Your melee attacks may engulf your foes in
                  | ooze. [Jiyva's grace]
 20312 | Snake:1  | Gained mutation: You possess an exceptional clarity of
                  | mind. [Jiyva's grace]
 20312 | Snake:1  | Gained mutation: Armour fits poorly on your pseudopods.
                  | [Jiyva's grace]
 20312 | Snake:1  | Gained mutation: Armour fits poorly on your large
                  | pseudopods. [Jiyva's grace]
 20312 | Snake:1  | Gained mutation: Armour fits poorly on your massive
                  | pseudopods. [Jiyva's grace]
 20384 | Snake:1  | Found Coqefool's Magic Scroll Emporium.
 20411 | Snake:1  | Bought a scroll of teleportation for 36 gold pieces
 20411 | Snake:1  | Bought a scroll of teleportation for 36 gold pieces
 20411 | Snake:1  | Bought a scroll of enchant weapon for 90 gold pieces
 21507 | Swamp:1  | Entered Level 1 of the Swamp
 21940 | D:14     | Noticed a sphinx
 21942 | D:14     | Killed a sphinx
 21957 | D:14     | Reached XP level 16. HP: 105/165 MP: 15/15
 21968 | D:14     | HP: 4/165 [vault guard/+0 long sword (17)]
 21969 | D:14     | Slain by a white ugly thing

Illustrated notes

Levels and vault maps discovered:
D:1:      grunt_arrival_crossed_arrows, layout_loops_ring
D:2:      layout_basic, dreamdust_ecumenical_altar_grove
D:3:      layout_basic, gammafunk_ghost_cemetery, serial_shops, shop
D:4:      layout_basic, lemuel_doored_altar, overflow_temple_1_default,
          chequers_jeans, uniq_sigmund
D:5:      layout_basic, minmay_temple_entry_sparse_star, enter_ossuary_1,
          serial_library_hellmonk_long_bookcase, corexii_shack, uniq_edmund
D:6:      layout_rooms, serial_shops, nicolae_shop_peninsula,
          serial_corexii_hall, corexii_hall_statues_l, corexii_hall_statues_x
D:7:      layout_basic, grunt_temple_overflow_diamond, uniq_prince_ribbit1,
          uniq_jeremiah
D:8:      layout_basic, serial_shops, shop
D:9:      layout_basic, cheibrodos_ashenzari_chains, nicolae_overflow_squiral,
          orc_0_dummy, hellmonk_ghost_happy_afterlife, serial_bayou_crossing,
          uniq_grum, uniq_maurice, uniq_harold
D:10:     layout_layer_cave, nicolae_overflow_crystal_walls, enter_bailey_7,
          uniq_lodul
D:11:     minmay_the_grid_square_5x5_4x4_mashed [minmay_the_grid_square_5x5_meh,
          minmay_the_grid_square_5x5_two_walls_a,
          minmay_the_grid_square_5x5_one_wall,
          minmay_the_grid_square_5x5_minivault, minmay_the_grid_square_5x5_six,
          minmay_the_grid_square_5x5_prize_snowflake,
          minmay_the_grid_square_5x5_prize_gold,
          minmay_the_grid_square_5x5_plus, minmay_the_grid_square_5x5_checkered,
          minmay_the_grid_square_5x5_prize_deathbox,
          minmay_the_grid_square_5x5_prize_monsterx,
          minmay_the_grid_square_5x5_misaligned,
          minmay_the_grid_square_5x5_checkered_sparse,
          minmay_the_grid_square_5x5_inset, minmay_the_grid_square_5x5_inner_z,
          minmay_the_grid_square_5x5_fancy_junction], layout_loops_cross,
          serial_shops, nicolae_shop_stone, uniq_erolcha
D:12:     layout_long_grid
D:13:     layout_basic, hangedman_abyss_or_decor_stabs, tgw_xom
D:14:     minmay_angry_zag, layout_loops_ring, david_vaults_5,
          nicolae_vehumet_radiance
Lair:1:   layout_gridlike, ebering_ghost_funeral_grove,
          nicolae_lair_grove_arrangements, grunt_megastairs_5, uniq_joseph
Lair:2:   layout_gridlike, minmay_snake_entry_six_corridors, lemuel_fruit_tree,
          grunt_megastairs_3, uniq_erica
Lair:3:   layout_roguey, alex1729_swamp_entry_worm_eleionoma
Lair:4:   layout_hall_layers
Lair:5:   minmay_lair_end_enchanted_forest, layout_cave_shapes,
          nicolae_slime_entry_field_trip, portal_ice_cave_entry_pillars_2,
          enter_volcano_3, uniq_sonja
Swamp:1:  layout_basic_swamp, serial_swamp_ruin, evilmike_swamp_ruin_house_4,
          evilmike_swamp_ruin_house_3, uniq_louise, uniq_mlioglotl
Snake:1:  layout_basic, serial_shops, nicolae_shop_hallway_plus,
          nicolae_snake_gridmaze_spiral, serial_bayou_shore_a
Snake:2:  cheibrodos_toxic_ritual, layout_cave_town
Orc:1:    layout_caves, serial_shops, shop, uniq_jorgrun, uniq_snorg
Orc:2:    st_orc_mages, layout_diamond_mine
Elf:1:    nicolae_elf_arrival_fired_up, layout_gridlike, serial_shops, shop,
          hangedman_elven_crosses_minicolossus, mumra_transporter_accident

Skill      XL: |  1  2  3  4  5  6  7  8  9 10 11 12 13 14 15 16 |
---------------+-------------------------------------------------+-----
Fighting       | 1 2 3 5 7 8 9 10 11 12 | 12.0
Dodging        | 2 3 4 5 6 7 8 9 10 | 10.4
Maces & Flails | 1 2 3 4 6 8 10 11 13 | 13.6
Shapeshifting  | 4 5 6 7 8 9 10 11 12 13 | 13.0
Armour         | 4 6 7 8 |  8.4
Shields        | 1 4 |  4.8
Unarmed Combat | |  3.1

Action                     |  1- 3 |  4- 6 |  7- 9 | 10-12 | 13-15 | 16-18 || total
---------------------------+-------+-------+-------+-------+-------+-------++-------
  Melee: Unarmed           |    66 |       |       |       |       |       ||    66
         Punch             |     2 |       |     7 |    19 |    35 |       ||    63
         Whip              |     3 |    55 |   291 |   557 |  1138 |    10 ||  2054
         Maw               |       |       |       |       |   272 |     5 ||   277
         Kick              |       |       |       |       |   160 |     5 ||   165
         Pseudopods        |       |       |       |       |    43 |     6 ||    49
  Throw: Boomerang         |       |       |     4 |     1 |    10 |       ||    15
Ability: Begin Untransform |       |       |     1 |       |     1 |       ||     2
  Evoke: Wand              |       |       |     3 |       |     1 |       ||     4
    Use: Scroll            |       |     1 |     8 |    10 |    11 |       ||    30
         Potion            |       |       |     1 |     2 |     8 |       ||    11
   Stab: Sleeping          |     1 |       |       |     2 |     4 |       ||     7
         Distracted        |       |       |       |     2 |     1 |       ||     3
 Armour: Animal skin       |    25 |    24 |   169 |    28 |       |       ||   246
         Acid dragon scale |       |       |       |   262 |    40 |       ||   302
         Skin              |       |       |       |       |   318 |    11 ||   329
         Ice dragon scales |       |       |       |       |   246 |       ||   246
  Dodge: Dodged            |    27 |    36 |   165 |   298 |   684 |     9 ||  1219
   Form: Maw               |       |       |       |       |     2 |       ||     2

Table legend: (Time is in decaauts)
 A = Elapsed time spent in this place.
 B = Non-inter-level travel time spent in this place.
 C = Inter-level travel time spent in this place.
 D = Time resting spent in this place.
 E = Time spent auto-exploring this place.
 F = Levels seen in this place.
 G = Mean time per level.
                   A        B        C        D        E       F      G
               +--------+--------+--------+--------+--------+-----+--------+
         Total |  21235 |  19234 |   2001 |    969 |  13434 |  28 |  758.4 |
       Dungeon |  12557 |  11437 |   1120 |    579 |   8528 |  14 |  896.9 |
          Lair |   5217 |   4493 |    724 |    160 |   3058 |   5 | 1043.4 |
         Swamp |     67 |     67 |      0 |      0 |      0 |   1 |   67.0 |
     Snake Pit |   1259 |   1191 |     68 |     27 |    844 |   2 |  629.5 |
  Orcish Mines |   1260 |   1174 |     86 |     81 |    718 |   2 |  630.0 |
   Elven Halls |      8 |      8 |      0 |      0 |      0 |   1 |    8.0 |
       Ossuary |    217 |    217 |      0 |      0 |     88 |   1 |  217.0 |
      Ice Cave |    517 |    517 |      0 |     66 |    198 |   1 |  517.0 |
       Volcano |    130 |    130 |      0 |     56 |      0 |   1 |  130.0 |
               +--------+--------+--------+--------+--------+-----+--------+

Top non-repeatable levels by time:
    D:10: 2162 daAuts
  Lair:1: 1284 daAuts
     D:9: 1260 daAuts
    D:11: 1141 daAuts
  Lair:2: 1127 daAuts
    D:13: 1093 daAuts
  Lair:4: 1045 daAuts
     D:7: 952 daAuts
   Orc:2: 943 daAuts
  Lair:3: 935 daAuts
     D:4: 934 daAuts
     D:8: 926 daAuts
    D:12: 917 daAuts
 Snake:1: 896 daAuts
     D:3: 878 daAuts
